 Dungeon Crawl Stone Soup version 0.30-a0-1157-g2cc9ac7196 (webtiles) character file.

Game seed: 16331072540205281743

186 voltaire321 the Shield-Bearer (level 5, -1/42 HPs)
             Began as a Formicid Fighter on Apr 24, 2023.
             Slain by a hound (3 damage)
             ... on level 4 of the Dungeon.
             The game lasted 00:06:50 (2462 turns).

voltaire321 the Shield-Bearer (Formicid Fighter)    Turns: 2462, Time: 00:06:51

Health: -1/42      AC:  8    Str: 23    XL:     5   Next: 97%
Magic:  5/5        EV: 10    Int:  7    God:
Gold:   235        SH:  5    Dex: 13    Spells: 4/4 levels left

rFire   . . .        a - +0 war axe
rCold   . . .        c - +0 buckler
rNeg    . . .        b - +0 scale mail
rPois   .            (helmet unavailable)
rElec   .            (no cloak)
rCorr   .            u - +0 pair of gloves
SInv    +            (no boots)
Will    .....        (no amulet) Stlth
                     (no ring)
HPRegen 0.27/turn    (no ring)
MPRegen 0.09/turn

%: no passive effects
@: no status effects
A: permanent stasis, dig shafts and tunnels, antennae 3, four strong arms
a: Dig, Shaft Self


You were on level 4 of the Dungeon.
You visited 1 branch of the dungeon, and saw 4 of its levels.

You collected 235 gold pieces.

Inventory:

Hand Weapons
 a - a +0 war axe (weapon)
Missiles
 t - 10 poisoned darts
Armour
 b - a +0 scale mail (worn)
 c - a +0 buckler (worn)
 f - a +1 leather armour of fire resistance
 u - a +0 pair of gloves (worn)
Scrolls
 e - a scroll of acquirement {unknown}
 g - 4 scrolls of teleportation {unknown}
 i - a scroll of blinking {unknown}
 j - a scroll of noise {unknown}
 k - a scroll of fear {unknown}
 l - a scroll of vulnerability {unknown}
 n - a scroll of enchant armour {unknown}
 r - 2 scrolls of identify {unknown}
 s - a scroll of silence {unknown}
Potions
 d - a potion of might
 h - a potion of haste {unknown}
 m - a potion of lignification {unknown}
 o - a potion of mutation {unknown}
 p - a potion of attraction {unknown}
 q - a potion of brilliance {unknown}


   Skills:
 + Level 4.1 Fighting
 + Level 3.0 Axes
 + Level 4.2 Armour
 + Level 1.9 Dodging
 + Level 5.1 Shields


You had 4 spell levels left.
You didn't know any spells.
Your spell library was empty.

Dungeon Overview and Level Annotations

Branches:
Dungeon (4/15)
 Temple: D:4-7

Altars:
Yredelemnul


Innate Abilities, Weirdness & Mutations

You cannot be hasted, slowed, berserked, paralysed or teleported.
You can dig through walls and to a lower floor.
You have a pair of large antennae on your head. (SInv)
Your four strong arms can wield two-handed weapons with a shield.


Message History

You miss the kobold.
The iguana bites you but does no damage.
The kobold hits you but does no damage.
You slash the iguana!
You kill the iguana!
You slash the kobold!
You kill the kobold!
A hound comes into view.
The orc wizard hits you but does no damage.
Items here: $ )) [ †.
You closely miss the orc wizard.
The hound barks!
You hit the orc. The orc hits you but does no damage.
The orc wizard hits you with a +0 dagger.
* * * LOW HITPOINT WARNING * * *
You closely miss the orc wizard. You hit the orc.
You kill the orc!
The dart slug launches a dart at you.
The slug dart misses the orc wizard.
You block the slug dart.
The orc wizard hits you but does no damage.
You completely miss the orc wizard.
The orc wizard hits you but does no damage. x2
You slash the orc wizard!
The orc wizard is severely wounded.
You hit the dart slug. The dart slug barely misses you.
The hound bites you but does no damage.
The orc wizard hits you but does no damage.
You barely miss the orc wizard.
The orc wizard is severely wounded.
You slash the dart slug!
You kill the dart slug!
You closely miss the hound. The hound bites you.
* * * LOW HITPOINT WARNING * * *
The orc wizard hits you but does no damage.
The hound bites you.
* * * LOW HITPOINT WARNING * * *
You barely miss the orc wizard.
The orc wizard is severely wounded.
You hit the hound. The hound bites you.
You die...

........ ....... ##
#.....## <.## ####
#......####....
....##..............
..................##
....................
#.>...>...?.†h)......
.......)......@o......
.........†............
.......................
.......................
...#.......†...........
..............##.!....#
..............# #.....#
#....$.......## .......
....#...#..## ......


You could see a hound and an orc wizard (invisible).

Vanquished Creatures
  An orc priest (D:3)
  An iguana (D:4)
  A sleepcap (D:3)
  2 adders (D:2)
  2 worms (D:2)
  3 dart slugs (D:4)
  4 orcs
  7 ball pythons
  5 bats
  8 endoplasms
  A giant cockroach (D:3)
  7 goblins
  5 hobgoblins
  5 jackals
  4 quokkas
  2 frilled lizards
  7 kobolds
  4 rats
  A spectral orc (D:3)
70 creatures vanquished.

Notes
Turn   | Place    | Note
-------+----------+-------------------------------------------
     0 | D:1      | voltaire321 the Formicid Fighter began the quest for the
                  | Orb.
     0 | D:1      | Reached XP level 1. HP: 18/18 MP: 1/1
    96 | D:1      | Reached XP level 2. HP: 23/24 MP: 2/2
   826 | D:2      | Reached XP level 3. HP: 29/29 MP: 3/3
   935 | D:2      | Found a faded altar of an unknown god.
  1004 | D:2      | Reached skill level 1 in Dodging
  1185 | D:2      | Reached XP level 4. HP: 37/37 MP: 4/4
  1533 | D:2      | Identified the +0 robe of Ru's Favour {Rampage MP+9 Slay+3}
  1778 | D:3      | Reached XP level 5. HP: 38/42 MP: 5/5
  2022 | D:3      | Reached skill level 5 in Shields
  2268 | D:3      | Found a basalt altar of Yredelemnul.
  2461 | D:4      | HP: 2/42 [hound (3)]
  2462 | D:4      | Slain by a hound

Illustrated notes

Levels and vault maps discovered:
D:1:      dpeg_arrival_water_temple_mockup, layout_basic
D:2:      kennysheep_big_flooded_room, layout_basic, basic_altar,
          shapermc_ecumenical_altar_gd
D:3:      layout_basic, yredelemnul_forgotten_temple_becter,
          kennysheep_generic_room_14
D:4:      layout_cave_pools

Skill      XL: |  1  2  3  4  5 |
---------------+----------------+-----
Dodging        | 1 |  1.9
Armour         | 4 |  4.2
Fighting       | 4 |  4.1
Shields        | 5 |  5.1
Axes           | 3 |  3.0

Action                     |  1- 3 |  4- 6 || total
---------------------------+-------+-------++-------
  Melee: War axe           |    74 |    92 ||   166
 Armour: Scale mail        |    31 |    50 ||    81
  Dodge: Dodged            |    34 |    56 ||    90
  Block: Buckler           |    17 |    24 ||    41

Table legend: (Time is in decaauts)
 A = Elapsed time spent in this place.
 B = Non-inter-level travel time spent in this place.
 C = Inter-level travel time spent in this place.
 D = Time resting spent in this place.
 E = Time spent auto-exploring this place.
 F = Levels seen in this place.
 G = Mean time per level.
                   A        B        C        D        E       F      G
               +--------+--------+--------+--------+--------+-----+--------+
         Total |   2528 |   2454 |     74 |    123 |   1756 |   4 |  632.0 |
       Dungeon |   2528 |   2454 |     74 |    123 |   1756 |   4 |  632.0 |
               +--------+--------+--------+--------+--------+-----+--------+

Top non-repeatable levels by time:
     D:2: 905 daAuts
     D:3: 802 daAuts
     D:1: 749 daAuts
     D:4: 70 daAuts
